 Dungeon Crawl Stone Soup version 0.29-a0-337-g68df138881 (webtiles) character file.

Game seed: 937756073922800884

77 spaghetti the Conjurer (level 4, -4/27 HPs)
             Began as an Octopode Conjurer on Apr 16, 2022.
             Was an Initiate of Hepliaklqana.
             Slain by a gnoll
             ... wielding a +0 whip
              (6 damage)
             ... on level 3 of the Dungeon.
             The game lasted 00:03:52 (2309 turns).

spaghetti the Conjurer (Octopode Conjurer)          Turns: 2309, Time: 00:03:52

Health: -4/27      AC:  1    Str:  6    XL:     4   Next: 34%
Magic:  2/8        EV: 13    Int: 22    God:    Hepliaklqana [......]
Gold:   153        SH:  0    Dex: 10    Spells: 6/9 levels left

rFire   . . .      SeeInvis .   b - +0 quarterstaff {staff}
rCold   . . .      Faith    .   (shield currently unavailable)
rNeg    . . .      Spirit   .   (helmet restricted)
rPois   +          Reflect  .   (no amulet)
rElec   .          Harm     .   i - ring of poison resistance
rCorr   .          Rampage  .   (no ring)
Will    .....                   (no ring)
Stlth   +++.......              (no ring)
HPRegen 0.09/turn               (no ring)
MPRegen 0.11/turn               (no ring)
                                (no ring)
                                (no ring)

@: no status effects
A: almost no armour, amphibious, 8 rings, camouflage 1, gelatinous body 1,
(nimble swimmer 1), tentacles
a: Renounce Religion


You were on level 3 of the Dungeon.
You worshipped Hepliaklqana.
Hepliaklqana was noncommittal.
You visited 1 branch of the dungeon, and saw 3 of its levels.

You collected 165 gold pieces.
You donated 12 gold pieces to Zin.


Innate Abilities, Weirdness & Mutations

You cannot wear most types of armour.
You are amphibious.
You can wear up to eight rings at the same time.
Your skin changes colour to match your surroundings (Stealth+).
Your rubbery body absorbs attacks. (AC +1, EV +1)
((You are camouflaged when in or above water. (Stealth+)))
You have tentacles for arms and can constrict up to eight enemies at once.


   Skills:
 - Level 2.0 Dodging
 - Level 2.6 Stealth
 + Level 3.1 Spellcasting
 - Level 5.0 Conjurations


You had 6 spell levels left.
You knew the following spells:

 Your Spells              Type           Power      Damage    Failure   Level
a - Magic Dart            Conj           100%       1d8       1%          1
b - Searing Ray           Conj           50%        2d6       2%          2

Your spell library contained the following spells:

 Spells                   Type           Power      Damage    Failure   Level
 Dazzling Flash           Conj/Hex       28%        N/A       13%         3
 Summon Guardian Golem    Hex/Summ       3%         N/A       36%         3
 Fulminant Prism          Conj/Hex       7%         3d7       41%         4
 Iskenderun's Mystic Bla  Conj/Tloc      14%        2d5       41%         4
 Orb of Destruction       Conj           12%        9d7       100%        7
 Spellforged Servitor     Conj/Summ      7%         N/A       100%        7

Inventory:

Hand Weapons
 b - a +0 quarterstaff (weapon) {staff}
   (You found it on level 1 of the Dungeon)
 d - a +2 hunting sling of flaming {sling}
   (You found it on level 1 of the Dungeon)
Missiles
 c - 84 stones {throwing}
 m - 2 throwing nets {=f!fthrowing}
Armour
 h - a +0 buckler
   (You found it on level 1 of the Dungeon)
Jewellery
 i - a ring of poison resistance (left tentacle)
   (You found it on level 1 of the Dungeon)
Scrolls
 e - 2 scrolls of teleportation {unknown}
 g - a scroll of torment {unknown}
 k - a scroll of identify {unknown}
 l - 2 scrolls of noise {unknown}
Potions
 a - 5 potions of magic
 f - 3 potions of curing {unknown}
 j - a potion of ambrosia {unknown}
 n - a potion of lignification {unknown}
 o - a potion of might {unknown}

Dungeon Overview and Level Annotations

Branches:
Dungeon (3/15)

Altars:
Hepliaklqana
Zin

#.# #..). #.# #.#.#
#.# #g... #.# ##.#.#
####.#########....#
####....g.........#..#
#...g############....#
#..#g### #..........
#.J..@.# #.##.#.#.#.
#..###.# #.##.......
#..#[#.#####.#..#.#.#.
##.###..............[.
#......###..#..#.#.#.
######## #..##.......
#..##.#.#.#.
#..##.......
#..........#


You could see 2 gnolls and an endoplasm.


Message History

You lost 2 mp, and now have 6/8 mp.
Key pressed, stopping explore.
A ball python comes into view. 😎 MP[+2]
Your mp is fully restored (8).
A ball python is nearby!
Casting: Searing Ray (safe; 2% risk of failure)
Confirm with . or Enter, or press ? or * to list all spells.
You can't see any susceptible monsters within range! (Use Z to cast anyway.)
Casting: Searing Ray (safe; 2% risk of failure)
Confirm with . or Enter, or press ? or * to list all spells.
You can't see any susceptible monsters within range! (Use Z to cast anyway.)
Casting: Searing Ray (safe; 2% risk of failure)
Confirm with . or Enter, or press ? or * to list all spells.
You can't see any susceptible monsters within range! (Use Z to cast anyway.)
Casting: Searing Ray (safe; 2% risk of failure)
Confirm with . or Enter, or press ? or * to list all spells.
You can't see any susceptible monsters within range! (Use Z to cast anyway.)
Casting: Searing Ray (safe; 2% risk of failure)
Confirm with . or Enter, or press ? or * to list all spells.
Aiming: Magic Dart (safe; 1% risk of failure)
Press: ? - help, Shift-Dir - straight line, f - ball python
Aim: a ball python (asleep, 100% to hit)
The magic dart hits the ball python!
You kill the ball python! 😎 MP[-1]
You lost 1 mp, and now have 7/8 mp.
Casting: Magic Dart (safe; 1% risk of failure)
Confirm with . or Enter, or press ? or * to list all spells.
You can't see any susceptible monsters within range! (Use Z to cast anyway.)
Casting: Magic Dart (safe; 1% risk of failure)
Confirm with . or Enter, or press ? or * to list all spells.
You can't see any susceptible monsters within range! (Use Z to cast anyway.) 3 gnolls come into view. 😎 MP[+1]
Your mp is fully restored (8).
There are monsters nearby!
There are monsters nearby!
There are monsters nearby!
The magic dart hits the gnoll but does no damage.
The gnoll shouts! x2; You hear a shout! 😎 MP[-1]
You lost 1 mp, and now have 7/8 mp.
Casting: Magic Dart (safe; 1% risk of failure)
Confirm with . or Enter, or press ? or * to list all spells.
Aiming: Searing Ray (safe; 2% risk of failure)
Press: ? - help, Shift-Dir - straight line, f - gnoll, p - gnoll
Aim: a gnoll, wielding a +0 whip (wandering, hasn't noticed you, 82% to hit)
The searing ray hits the gnoll.
The searing ray hits the gnoll! (Press . to maintain the ray.)
A gnoll comes into view. It is wielding a +0 club. 😎 MP[-2]
You lost 2 mp, and now have 5/8 mp.
The searing ray misses the gnoll. 😎 MP[-1]
You lost 1 mp, and now have 4/8 mp.
The searing ray hits the gnoll. x2
The gnoll hits you from afar with a +0 halberd! 😮 HP[-12] MP[-1]
You take 12 damage, and now have 15/27 hp.
MASSIVE DAMAGE!! (PAUSE)
You lost 1 mp, and now have 3/8 mp.
The searing ray hits the gnoll.
The searing ray hits the gnoll!
You kill the gnoll!
You finish channelling your searing ray.
The gnoll misses you. 😮 MP[-1]
You lost 1 mp, and now have 2/8 mp.
Casting: Searing Ray (safe; 2% risk of failure)
Confirm with . or Enter, or press ? or * to list all spells.
Aiming: Searing Ray (safe; 2% risk of failure)
Press: ? - help, Shift-Dir - straight line, f - gnoll, p - gnoll
Aim: a gnoll, wielding a +0 halberd (moderately wounded, 82% to hit)
The searing ray misses the gnoll.
The searing ray hits the gnoll. (Press . to maintain the ray.)
The gnoll hits you with a +0 whip.
* * * LOW HITPOINT WARNING * * *
The gnoll hits you from afar with a +0 halberd!
* * * LOW HITPOINT WARNING * * *
😱 HP[-12] MP[-2]
You take 12 damage, and now have 3/27 hp.
MASSIVE DAMAGE!! (PAUSE)
You lost 2 mp, and now have 0/8 mp.
Okay, then.
Okay, then.
The gnoll attacks as you move away!
The gnoll closely misses you. 😱 HP[+1] 😱 MP[+1]
The gnoll attacks as you move away! The gnoll closely misses you.
The gnoll attacks as you move away!
The gnoll closely misses you. 😱 HP[+1] MP[+1]
The gnoll attacks as you move away! The gnoll barely misses you.
The gnoll attacks as you move away! The gnoll hits you with a +0 whip.
* * * LOW HITPOINT WARNING * * *
An endoplasm comes into view. 😱 HP[-3]
You take 3 damage, and now have 2/27 hp.
The endoplasm quivers.
The gnoll attacks as you move away! The gnoll hits you with a +0 whip.
You die...

Skill      XL: |  1  2  3 |
---------------+----------+-----
Conjurations   | 5 |  5.0
Spellcasting   | 3 |  3.1
Dodging        | |  2.0
Stealth        | |  2.6

Action                   |  1- 3 |  4- 6 || total
-------------------------+-------+-------++-------
Melee: Quarterstaff      |    10 |       ||    10
       Constrict         |     2 |       ||     2
       Tentacles         |     2 |       ||     2
 Cast: Magic Dart        |    48 |     2 ||    50
       Searing Ray       |     7 |     4 ||    11
Armor: Skin              |     3 |       ||     3
Dodge: Dodged            |     5 |     5 ||    10

Levels and vault maps discovered:
D:1:      dpeg_arrival_pits, layout_basic, ebering_ecumenical_altar_mist
D:2:      layout_basic, basic_altar, minmay_increasing_density, uniq_jessica
D:3:      layout_loops_ring, serial_glass, glass_columns_b, glass_columns_c,
          due_unseen_surprise, item_on_display_a, item_on_display_a,
          minmay_strange_pillars, kennysheep_generic_room_4, uniq_natasha

Notes
Turn   | Place    | Note
-------+----------+-------------------------------------------
     0 | D:1      | spaghetti the Octopode Conjurer began the quest for the
                  | Orb.
     0 | D:1      | Reached XP level 1. HP: 11/11 MP: 3/3
     0 | D:1      | magus.rc [v1.9.6]
   539 | D:1      | Reached XP level 2. HP: 14/17 MP: 1/5
   604 | D:1      | You pick up a book of Dangerous Friends and begin
                  | reading...
   604 | D:1      | You add the spells Summon Guardian Golem, Orb of
                  | Destruction and Spellforged Servitor to your library.
   610 | D:1      | Found a faded altar of an unknown god.
   637 | D:1      | Prayed at the altar of an unknown god.
   637 | D:1      | Became a worshipper of Zin the Law-Giver
   637 | D:1      | Reached * piety under Zin
  1183 | D:2      | Reached XP level 3. HP: 21/21 MP: 3/6
  1187 | D:2      | Learned a level 2 spell: Searing Ray
  1287 | D:2      | Reached ** piety under Zin
  1290 | D:2      | Reached skill level 5 in Conjurations
  1545 | D:2      | Found a hazy altar of Hepliaklqana.
  1863 | D:2      | Reached skill level 3 in Spellcasting
  1863 | D:2      | Reached XP level 4. HP: 27/27 MP: 4/8
  1979 | D:2      | Fell from the grace of Zin
  1979 | D:2      | Became a worshipper of Hepliaklqana the Forgotten
  2291 | D:3      | HP: 3/27 [gnoll/+0 halberd (10)]
  2307 | D:3      | HP: 2/27 [gnoll/+0 whip (3)]
  2309 | D:3      | Slain by a gnoll

Vanquished Creatures
  3 adders (D:2)
  A gnoll (D:3)
  A dart slug (D:1)
  3 bats
  5 endoplasms
  3 giant cockroaches
  A goblin (D:1)
  2 hobgoblins (D:1)
  A kobold (D:1)
  3 quokkas
  4 ball pythons
  6 frilled lizards
  7 rats
40 creatures vanquished.

Table legend:
 A = Non-vault XP
 B = Vault XP
 C = Vault XP percentage of total XP
 D = Non-vault monster count
 E = Vault monster count
 F = Vault count percentage of total count
                 A         B        C        D         E       F
            +---------+---------+-------+---------+---------+-------
      Total |      89 |      22 |  19.8 |      33 |       7 |  17.5
            +---------+---------+-------+---------+---------+-------
        D:1 |      33 |       0 |   0.0 |      20 |       0 |   0.0
        D:2 |      38 |      22 |  36.7 |       9 |       7 |  43.8
        D:3 |      18 |       0 |   0.0 |       4 |       0 |   0.0
            +---------+---------+-------+---------+---------+-------

Illustrated notes

Table legend:
 A = Kills in this place as a percentage of kills in entire the game.
 B = Kills by you in this place as a percentage of kills by you in the entire game.
 C = Kills by friends in this place as a percentage of kills by friends in the entire game.
 D = Other kills in this place as a percentage of other kills in the entire game.
 E = Experience gained in this place as a percentage of experience gained in the entire game.
 F = Experience gained in this place divided by the number of levels of this place that you have seen.
                   A       B       C       D       E      F
               +-------+-------+-------+-------+-------+----------------------
         Total | 100.0 | 100.0 |   N/A |   N/A | 100.0 |  37.0
       Dungeon | 100.0 | 100.0 |   N/A |   N/A | 100.0 |  37.0
               +-------+-------+-------+-------+-------+----------------------

Table legend: (Time is in decaauts)
 A = Elapsed time spent in this place.
 B = Non-inter-level travel time spent in this place.
 C = Inter-level travel time spent in this place.
 D = Time resting spent in this place.
 E = Time spent auto-exploring this place.
 F = Levels seen in this place.
 G = Mean time per level.
                   A        B        C        D        E       F      G
               +--------+--------+--------+--------+--------+-----+--------+
         Total |   2311 |   2157 |    154 |    105 |   1846 |   3 |  770.3 |
       Dungeon |   2311 |   2157 |    154 |    105 |   1846 |   3 |  770.3 |
               +--------+--------+--------+--------+--------+-----+--------+

Top non-repeatable levels by time:
     D:1: 1184 daAuts
     D:2: 922 daAuts
     D:3: 204 daAuts
